 Dungeon Crawl Stone Soup version 0.23.2 (webtiles) character file.

Game seed: 16287091993087627195

90002 troglodite the Fighter (level 15, 0/121 HPs)
             Began as a Demonspawn Berserker on Mar 28, 2019.
             Was the Champion of Trog.
             Slain by an alligator (16 damage)
             ... led by an alligator
             ... on level 1 of the Swamp on Apr 1, 2019.
             The game lasted 01:56:34 (32749 turns).

troglodite the Fighter (Demonspawn Berserker)      Turns: 32749, Time: 01:56:35

Health: 0/121      AC: 29    Str: 26    XL:     15   Next: 51%
Magic:  6/6        EV: 12    Int: 16    God:    Trog [******]
Gold:   1685       SH: 21    Dex: 17    Spells: 14/14 levels left

rFire    + . .     SeeInvis +   Y - +10 scimitar of the Trees {flame, MR++}
rCold    + + .     Gourm    .   V - +0 large shield
rNeg     . . .     Faith    .   a - +8 chain mail {rF+}
rPois    +         Spirit   .   h - +0 mask of the Dragon {MR+ Slay+3 SInv}
rElec    .         Reflect  +   O - +1 cloak
rCorr    +         Harm     .   (gloves unavailable)
MR       ++++.                  J - +1 pair of boots {Stlth+}
Stlth    ..........             i - +3 amulet of reflection
HPRegen  0.30/turn              l - ring of poison resistance
MPRegen  0.10/turn              n - ring "Omonoj" {rC+ MP-9 Str+6 Int+9 Dex-3}

@: berserk cooldown, slowed, very slow
A: claws 3, talons 1, yellow scales 3, agile 1, cold resistance 1, demonic
guardian 1, dopey 1, screaming 1, strong 1, freezing cloud immunity
a: Berserk, Trog's Hand, Brothers in Arms, Renounce Religion


You were on level 1 of the Swamp.
You worshipped Trog.
Trog was exalted by your worship.
You were near starving.

You visited 4 branches of the dungeon, and saw 22 of its levels.

You collected 2932 gold pieces.
You spent 1247 gold pieces at shops.

Inventory:

Hand Weapons
 g - a +5 antimagic quick blade
 o - a +6 vampiric demon blade
 F - a +6 hunting sling of velocity
 N - a +4 falchion of slicing
 R - the +12 spear "Geacka" {vamp, rPois rC+ Str+3 Dex-4}
   (You found it on level 3 of the Lair of Beasts)

   It inflicts no extra harm, but heals its wielder when it wounds a living foe.
   It affects your strength (+3).
   It affects your dexterity (-4).
   It protects you from cold.
   It protects you from poison.
 T - a +1 scimitar of draining
 Y - the +10 scimitar of the Trees (weapon) {flame, MR++}
   (You found it on level 6 of the Lair of Beasts)

   It has been specially enchanted to burn those struck by it, causing extra
   injury to most foes and up to half again as much damage against particularly
   susceptible opponents.
   Big, fiery blades are also staple armaments of hydra-hunters.
   It affects your resistance to hostile enchantments.
Missiles
 E - 76 sling bullets
Armour
 a - a +8 chain mail of fire resistance (worn)
 h - the +0 mask of the Dragon (worn) {MR+ Slay+3 SInv}
   (You bought it in a shop on level 2 of the Orcish Mines)

   It affects your accuracy and damage with ranged weapons and melee attacks
   (+3).
   It affects your resistance to hostile enchantments.
   It lets you see invisible.
 y - the +5 ring mail of Experimentation {Str+2}
   (You bought it in a shop on level 2 of the Orcish Mines)

   It affects your strength (+2).
 J - a +1 pair of boots of stealth (worn)
 O - a +1 cloak (worn)
 V - a +0 large shield (worn)
Jewellery
 e - a +4 ring of dexterity
 i - a +3 amulet of reflection (around neck)
 j - the amulet of Suspected Treachery {+Rage +Fly Str+3 Int+2 Dex-5}
   (You acquired it on level 2 of the Orcish Mines)

   [amulet of rage]

   It affects your strength (+3).
   It affects your intelligence (+2).
   It affects your dexterity (-5).
   It lets you fly.
   It lets you go berserk.
 k - an uncursed ring of protection from fire
 l - a ring of poison resistance (left claw)
 n - the ring "Omonoj" (right claw) {rC+ MP-9 Str+6 Int+9 Dex-3}
   (You found it on level 1 of the Orcish Mines)

   [ring of protection from cold]

   It affects your strength (+6).
   It affects your intelligence (+9).
   It affects your dexterity (-3).
   It protects you from cold.
   It affects your magic capacity (-9).
 C - a +4 ring of evasion
 G - an uncursed ring of positive energy
 P - an uncursed amulet of regeneration
 X - an uncursed ring of protection from magic
Wands
 f - a wand of random effects (16)
 w - a wand of digging (2)
 K - a wand of acid (12)
 L - a wand of paralysis (13)
 W - a wand of iceblast (3)
Scrolls
 d - 5 scrolls of teleportation
 m - 3 scrolls of identify
 q - 4 scrolls of fear
 r - 3 scrolls of fog
 s - 10 scrolls of remove curse
 v - 3 scrolls of enchant weapon
Potions
 b - 2 potions of ambrosia
 p - 9 potions of curing
 t - 3 potions of lignification
 u - 2 potions of might
 x - 3 potions of heal wounds
 z - 2 potions of resistance
 A - 4 potions of haste
 D - 4 potions of agility
 H - 2 potions of magic
 I - 2 potions of mutation
 M - a potion of cancellation
 S - 2 potions of flight
Comestibles
 c - 20 rations
 B - a chunk of flesh


   Skills:
 * Level 12.3 Fighting
 + Level 5.5(8.2) Short Blades
 + Level 9.4(10.1) Long Blades
 + Level 7.5 Polearms
 * Level 8.1 Slings
 * Level 12.2 Armour
 * Level 10.3 Dodging
 - Level 2.2 Stealth
 + Level 8.5 Shields


You had 14 spell levels left.
You didn't know any spells.
Your spell library was empty.

Dungeon Overview and Level Annotations

Branches:
Dungeon (13/15)            Temple (0/1) D:6            Lair (6/6) D:8
  Swamp (1/4) Lair:4       Spider (0/4) Lair:2        Slime (0/5) Lair:5
    Orc (2/2) D:12            Elf (0/3) Orc:2        Vaults (0/5) D:13

Altars:
Nemelex Xobeh
Okawaru
Sif Muna

Shops:
D:6 }   D:12 [   Orc:2 ![*}

Portals:
Pandemonium: Orc:2

Annotations:
D:9 2 runed translucent doors


Innate Abilities, Weirdness & Mutations

You have claws for hands.
You are completely covered in yellow scales. (AC +4, rCorr)
Your flesh is cold resistant. (rC+)
A weak demonic guardian rushes to your aid.
You are immune to freezing clouds.
You have sharp toenails.
You are agile. (Dex +2)
You are dopey. (Int -2)
You occasionally shout uncontrollably at your foes.
Your muscles are strong. (Str +2)


Message History

You hit the alligator. You burn the alligator.
The alligator is heavily wounded.
You block the alligator's attack. x2; The alligator completely misses you.
The alligator tail-slaps you but does no damage.
Unknown command.
You closely miss the alligator.
The alligator is heavily wounded.
The alligator bites you!
* * * LOW HITPOINT WARNING * * *
The alligator misses you. x2; You riposte.
You slice the alligator!! You burn the alligator.
You kill the alligator!
Trog accepts your kill.
The alligator bites you but does no damage.
The alligator completely misses you. The alligator barely misses you.
You block the alligator's attack. You block the alligator's attack. x2
Your shadow imp hits the alligator but does no damage.
The alligator bites you!
You die...

..≈ .. ♣.≈♣
..♣≈.≈. ♣≈≈.♣
♣♣..≈≈...
♣♣.≈.♣♣♣♣.≈≈≈.≈≈.
♣.≈≈...≈..≈≈≈≈≈≈≈
♣≈≈≈≈.≈≈.♣≈≈≈≈♣≈
♣...5≈≈........
♣≈≈≈.♣≈≈≈≈≈♣.≈≈
♣§..@t5.≈.≈≈.≈≈
♣..♣♣♣♣.≈.≈.≈≈≈
♣♣.♣♣ ♣.≈.≈.≈..
♣♣♣ ♣.♣≈♣
♣...≈§..≈ ♣.♣
♣..♣♣ ♣♣≈≈≈≈≈..
♣.♣ ♣..♣ .≈≈≈§.♣
♣≈♣♣♣♣♣♣♣♣♣.(♣
.≈≈≈≈♣♣
♣≈..(..♣.♣♣.♣♣
.≈≈.♣♣
♣<♣....≈≈≈...♣
....♣


You could see an alligator, a friendly quasit and a friendly shadow imp.

Vanquished Creatures
  Jorgrun (D:12)
  Rupert (Lair:4)
  A tentacled monstrosity (Swamp:1)
  Gastronok (D:9)
  Kirke (Lair:6)
  A stone giant (Orc:2)
  The ghost of EtherCrawl the Grappler, a journeyman TrMo (D:11)
  A fire dragon (Lair:5)
  3 hydras
  A vault guard (D:13)
  2 centaur warriors (D:13)
  A tengu warrior (D:13)
  An alligator (Swamp:1)
  8 orc high priests (Orc:2)
  Urug (D:10)
  A sun demon (Orc:2)
  2 unseen horrors
  4 skeletal warriors (D:12)
  A torturous demonspawn (Orc:1)
  An infernal demonspawn (Orc:2)
  5 orc knights (Orc:2)
  A wizard (D:13)
  3 necromancers (D:13)
  6 oklob plants
  A cyclops (D:11)
  2 ugly things
  5 orc sorcerers (Orc:2)
  Joseph (D:9)
  A black mamba (Lair:6)
  7 elephants
  2 guardian serpents (D:13)
  6 spiny frogs
  A smoke demon (Orc:2)
  An orange demon (Orc:2)
  2 komodo dragons
  6 kobold demonologists (D:12)
  12 rime drakes
  An ice devil (Orc:2)
  A jumping spider (Lair:2)
  4 hornets (Lair:6)
  A troll (D:11)
  4 polar bears
  10 blink frogs
  6 dream sheep
  4 hippogriffs
  Grinder (D:6)
  A redback (Lair:2)
  58 yaks
  2 wraiths
  12 spriggans (Lair:6)
  2 wyverns (Lair:2)
  18 humans (D:13)
  A hog (Lair:6)
  2 neqoxecs (Orc:2)
  Grum (D:11)
  8 steam dragons (Lair:5)
  2 swamp worms (Swamp:1)
  A chaos spawn (Orc:2)
  The ghost of blackfeather the Ducker, an amateur OpFi (D:4)
  A warg (Orc:2)
  6 water moccasins
  5 porcupines
  2 ice beasts
  4 sky beasts
  32 orc warriors
  A phantom (D:4)
  4 boggarts (Lair:6)
  An eye of draining (D:9)
  11 ogres
  4 black bears (Lair:6)
  16 centaurs
  28 wolves
  11 crocodiles
  2 big kobolds (D:12)
  Blork the orc (D:5)
  A gnoll sergeant (D:9)
  15 bullfrogs
  7 scorpions
  3 killer bees (D:7)
  7 wights
  4 howler monkeys
  5 quasits
  A bullfrog zombie (D:10)
  5 crimson imps
  5 centaur zombies
  28 orc priests
  3 bullfrog skeletons
  5 hounds
  8 jellies
  17 orc wizards
  A centaur skeleton (D:7)
  6 iguanas
  2 hell rats (Lair:2)
  13 worker ants
  A hound zombie (D:8)
  A hound skeleton (D:5)
  4 gnolls
  13 adders
  9 river rats (Lair:2)
  3 shadow imps
  4 oozes (Lair:5)
  An adder zombie (D:7)
  3 adder skeletons
  5 worms
  2 dart slugs (D:1)
  7 leopard geckos
  62 orcs
  2 ball pythons (D:2)
  8 bats
  5 giant cockroaches
  8 goblins
  5 hobgoblins
  9 jackals
  4 quokkas
  3 frilled lizards
  9 kobolds
  A leopard gecko zombie (D:5)
  A quokka skeleton (D:7)
  A quokka zombie (D:6)
  5 rats
  A fungus (Lair:1)
  A plant (Lair:2)
680 creatures vanquished.

Vanquished Creatures (collateral kills)
  An ettin (Orc:2)
  2 hydras
  2 catoblepae (Lair:5)
  The ghost of grocchini the Carver, a novice MiGl of Gozag (Orc:1)
  2 death yaks (Lair:5)
  A manticore (D:13)
  An oklob plant (Lair:4)
  An ugly thing (D:13)
  A spiny frog (Lair:5)
  A rime drake (Lair:4)
  A kobold demonologist (D:12)
  A troll (D:13)
  A dream sheep (Lair:4)
  A hippogriff (Lair:5)
  2 blink frogs
  A spriggan (Lair:6)
  6 yaks
  A human (D:13)
  6 orc warriors
  2 ice beasts
  An ogre (Orc:2)
  2 bullfrogs (D:6)
  A wyvern skeleton (D:12)
  A killer bee (D:7)
  An orc wizard (D:10)
  2 gnolls (Orc:2)
  10 orcs
  2 bats
  3 jackals (D:3)
  A quokka (D:3)
  A kobold (D:12)
60 creatures vanquished.

Vanquished Creatures (others)
  Nessos (Lair:6)
  6 humans (Lair:6)
  A steam dragon (Lair:5)
  A centaur (D:13)
  31 fungi
  9 plants
49 creatures vanquished.

Grand Total: 789 creatures vanquished

Notes
Turn   | Place    | Note
-------+----------+-------------------------------------------
     0 | D:1      | troglodite the Demonspawn Berserker began the quest for the
                  | Orb.
     0 | D:1      | Reached XP level 1. HP: 18/18 MP: 1/1
   128 | D:1      | Gained mutation: You have sharp fingernails. [demonic
                  | ancestry]
   128 | D:1      | Reached XP level 2. HP: 24/24 MP: 2/2
   495 | D:1      | Gained mutation: A weak demonic guardian rushes to your
                  | aid. [demonic ancestry]
   495 | D:1      | Reached XP level 3. HP: 29/29 MP: 3/3
  1025 | D:2      | Reached ** piety under Trog
  2074 | D:3      | Gained mutation: You have very sharp fingernails. [demonic
                  | ancestry]
  2074 | D:3      | Reached XP level 4. HP: 36/37 MP: 4/4
  2169 | D:3      | Noticed an ogre
  2197 | D:3      | Killed an ogre
  2197 | D:3      | Gained mutation: Your flesh is cold resistant. (rC+)
                  | [demonic ancestry]
  2197 | D:3      | Reached XP level 5. HP: 30/42 MP: 5/5
  2672 | D:3      | Gained mutation: You have claws for hands. [demonic
                  | ancestry]
  2672 | D:3      | Reached XP level 6. HP: 47/48 MP: 6/6
  3339 | D:3      | HP: 3/73 [orc priest/+0 whip (2)]
  3342 | D:3      | Reached skill level 1 in Stealth
  4661 | D:4      | Gained mutation: You have a pair of small horns on your
                  | head. [potion of mutation]
  4661 | D:4      | Gained mutation: Your muscles are strong. (Str +2) [potion
                  | of mutation]
  4710 | D:4      | Reached skill level 5 in Fighting
  4710 | D:4      | Reached XP level 7. HP: 55/56 MP: 7/7
  4784 | D:4      | Found a transporter.
  4785 | D:4      | Found a sparkling altar of Nemelex Xobeh.
  4788 | D:4      | Noticed blackfeather's ghost (amateur OpFi)
  4812 | D:4      | Reached skill level 1 in Short Blades
  4833 | D:4      | Reached *** piety under Trog
  4898 | D:4      | Found a transporter.
  5004 | D:4      | Killed blackfeather's ghost
  5223 | D:4      | Reached XP level 8. HP: 55/63 MP: 8/8
  5806 | D:5      | Entered Level 5 of the Dungeon
  6206 | D:5      | Reached skill level 5 in Armour
  6467 | D:5      | Noticed Blork the orc
  6478 | D:5      | Killed Blork the orc
  7209 | D:6      | Found a staircase to the Ecumenical Temple.
  7371 | D:6      | Noticed Grinder
  7388 | D:6      | Killed Grinder
  7538 | D:6      | Reached **** piety under Trog
  7583 | D:6      | Found an iron altar of Okawaru.
  7707 | D:6      | Found Xublyvin's Gadget Emporium.
  7811 | D:6      | Gained mutation: You are partially covered in yellow
                  | scales. (AC +2) [demonic ancestry]
  7811 | D:6      | Reached XP level 9. HP: 68/70 MP: 9/9
  8772 | D:7      | Reached skill level 5 in Dodging
  9220 | D:7      | Found a deep blue altar of Sif Muna.
  9242 | D:7      | Reached skill level 5 in Short Blades
  9685 | D:7      | Lost mutation: You have a pair of small horns on your head.
                  | [potion of mutation]
  9685 | D:7      | Gained mutation: You are dopey. (Int -2) [potion of
                  | mutation]
  9685 | D:7      | Gained mutation: You are agile. (Dex +2) [potion of
                  | mutation]
  9685 | D:7      | Gained mutation: You have sharp toenails. [potion of
                  | mutation]
 10270 | D:8      | Found a staircase to the Lair.
 10273 | D:8      | Gained mutation: You are mostly covered in yellow scales.
                  | (AC +3) [demonic ancestry]
 10273 | D:8      | Reached XP level 10. HP: 79/79 MP: 10/10
 10274 | D:8      | Found a deep blue altar of Sif Muna.
 10372 | D:9      | Reached skill level 5 in Long Blades
 10384 | D:9      | Reached ***** piety under Trog
 10384 | D:9      | Received a gift from Trog
 10387 | D:9      | Noticed Gastronok
 10526 | D:9      | Killed Gastronok
 10733 | D:9      | Noticed Joseph
 10742 | D:9      | Killed Joseph
 11027 | D:9      | Found a runed translucent door.
 11036 | D:9      | Found a runed translucent door.
 11533 | D:10     | Entered Level 10 of the Dungeon
 11763 | D:10     | Reached skill level 1 in Slings
 11763 | D:10     | Reached XP level 11. HP: 76/87 MP: 11/11
 11869 | D:10     | Upgraded the game from 0.23.1-38-g628c18f to
                  | 0.23.1-41-g7e51ed3
 11907 | D:10     | Reached skill level 1 in Polearms
 11969 | D:10     | Noticed Urug
 11981 | D:10     | Killed Urug
 12648 | D:11     | Killed an unseen horror
 13020 | D:11     | Noticed a brown ugly thing
 13034 | D:11     | Killed a brown ugly thing
 13106 | D:11     | Noticed Grum
 13128 | D:11     | Killed Grum
 13263 | D:11     | Found a runed translucent door.
 13263 | D:11     | Noticed EtherCrawl's ghost (journeyman TrMo)
 13279 | D:11     | Killed EtherCrawl's ghost
 13365 | D:12     | Noticed a skeletal warrior
 13379 | D:12     | Killed a skeletal warrior
 13454 | D:12     | Noticed a sixfirhy
 13613 | D:12     | Noticed a skeletal warrior
 13613 | D:12     | Noticed a skeletal warrior
 13613 | D:12     | Noticed a skeletal warrior
 13631 | D:12     | Killed a skeletal warrior
 13990 | D:12     | Killed a skeletal warrior
 14303 | D:12     | Killed a skeletal warrior
 14470 | D:12     | Noticed a cyan ugly thing
 14487 | D:12     | Killed a cyan ugly thing
 14916 | D:12     | Found a staircase to the Orcish Mines.
 14922 | D:12     | Received a gift from Trog
 14966 | D:12     | Reached skill level 5 in Polearms
 14966 | D:12     | Reached XP level 12. HP: 97/97 MP: 12/12
 15393 | D:12     | Noticed Jorgrun
 15718 | D:12     | Killed Jorgrun
 15718 | D:12     | Reached skill level 10 in Fighting
 15718 | D:12     | Reached skill level 10 in Armour
 16205 | D:12     | Found Badaniam's Armour Shoppe.
 16815 | D:12     | Upgraded the game from 0.23.1-41-g7e51ed3 to 0.23.2
 17064 | D:13     | Reached skill level 1 in Shields
 17978 | D:13     | Noticed a tengu warrior
 18438 | D:13     | Noticed a centaur warrior
 18445 | D:13     | Killed a centaur warrior
 18557 | D:13     | Noticed a centaur warrior
 18571 | D:13     | Killed a centaur warrior
 19391 | D:13     | Reached skill level 5 in Slings
 19391 | D:13     | Gained mutation: You are immune to freezing clouds.
                  | [demonic ancestry]
 19391 | D:13     | Reached XP level 13. HP: 104/104 MP: 13/13
 19644 | D:13     | Found a gate to the Vaults.
 19649 | D:13     | Received a gift from Trog
 20512 | D:12     | Bought a +3 chain mail of fire resistance for 318 gold
                  | pieces
 20532 | Orc:1    | Entered Level 1 of the Orcish Mines
 20591 | Orc:1    | Found a runed translucent door.
 20593 | Orc:1    | Noticed grocchini's ghost (novice MiGl)
 20613 | Orc:1    | Killed grocchini's ghost
 20621 | Orc:1    | Got a vibrating brass ring
 20624 | Orc:1    | Identified the ring "Omonoj" {rC+ MP-9 Str+6 Int+9 Dex-3}
                  | (You found it on level 1 of the Orcish Mines)
 21038 | Orc:2    | Entered Level 2 of the Orcish Mines
 21051 | Orc:2    | Identified a scroll of acquirement
 21054 | Orc:2    | Got a smoking jade amulet
 21056 | Orc:2    | Identified the amulet of Suspected Treachery {+Rage +Fly
                  | Str+3 Int+2 Dex-5} (You acquired it on level 2 of the
                  | Orcish Mines)
 21121 | Orc:2    | Found a staircase to the Elven Halls.
 21206 | Orc:2    | Found Lobuatem's General Store.
 21443 | Orc:2    | Noticed a stone giant
 21451 | Orc:2    | Received a gift from Trog
 21461 | Orc:2    | Killed a stone giant
 21650 | Orc:2    | Noticed an ettin
 21739 | Orc:2    | Killed an ettin
 22848 | Orc:2    | Found Biadugy's Distillery.
 22868 | Orc:2    | Received a gift from Trog
 22876 | Orc:2    | Gained mutation: You occasionally shout uncontrollably at
                  | your foes. [a neqoxec]
 22999 | Orc:2    | Reached skill level 5 in Shields
 23936 | Orc:2    | Gained mutation: You are completely covered in yellow
                  | scales. (AC +4, rCorr) [demonic ancestry]
 23936 | Orc:2    | Reached XP level 14. HP: 113/113 MP: 5/14
 24436 | Orc:2    | Found Fuugur's Antique Armour Boutique.
 24436 | Orc:2    | Found Paopsuk's Gadget Shop.
 24437 | Orc:2    | Found a one-way gate leading to the halls of Pandemonium.
 24455 | Orc:2    | Bought a jewelled ring mail for 270 gold pieces
 24455 | Orc:2    | Bought a pair of runed boots for 225 gold pieces
 24465 | Orc:2    | Identified the +5 ring mail of Experimentation {Str+2} (You
                  | bought it in a shop on level 2 of the Orcish Mines)
 24548 | Orc:2    | Bought the +0 mask of the Dragon {MR+ Slay+3 SInv} for 434
                  | gold pieces
 24548 | Orc:2    | Found the +0 mask of the Dragon {MR+ Slay+3 SInv}
 24789 | Lair:1   | Entered Level 1 of the Lair of Beasts
 25893 | Lair:2   | Found a hole to the Spider Nest.
 27212 | Lair:3   | Got an ebony spear
 27225 | Lair:3   | Identified the +12 spear "Geacka" {vamp, rPois rC+ Str+3
                  | Dex-4} (You found it on level 3 of the Lair of Beasts)
 27317 | Lair:3   | Received a gift from Trog
 27728 | Lair:4   | Found a staircase to the Swamp.
 28257 | Lair:4   | Noticed Rupert
 28281 | Lair:4   | Paralysed by Rupert for 2 turns
 28308 | Lair:4   | Paralysed by Rupert for 2 turns
 28314 | Lair:4   | Killed Rupert
 29364 | Lair:5   | Found a staircase to the Slime Pits.
 29516 | Lair:5   | Received a gift from Trog
 30327 | Lair:5   | Reached skill level 10 in Dodging
 30495 | Lair:6   | Entered Level 6 of the Lair of Beasts
 30505 | Lair:6   | Noticed Kirke
 30758 | Lair:6   | Killed Kirke
 30758 | Lair:6   | Reached XP level 15. HP: 120/120 MP: 6/15
 30914 | Lair:6   | Noticed Nessos
 30919 | Lair:6   | Killed Nessos
 31798 | Lair:6   | Identified the +4 hand crossbow of Jaicw {elec, rPois Int+3
                  | Stlth+}
 32412 | Lair:6   | Reached ****** piety under Trog
 32412 | Lair:6   | Received a gift from Trog
 32438 | Lair:6   | Got a crystal scimitar
 32439 | Lair:6   | Identified the +10 scimitar of the Trees {flame, MR++} (You
                  | found it on level 6 of the Lair of Beasts)
 32661 | Swamp:1  | Entered Level 1 of the Swamp
 32706 | Swamp:1  | Noticed a tentacled monstrosity
 32729 | Swamp:1  | Killed a tentacled monstrosity
 32749 | Swamp:1  | Slain by an alligator

Skill      XL: |  1  2  3  4  5  6  7  8  9 10 11 12 13 14 15 |
---------------+----------------------------------------------+-----
Long Blades    | 3 4 6 7 8 9 |  9.4
Dodging        | 2 3 4 5 6 7 8 9 10 | 10.3
Armour         | 2 3 4 6 7 8 9 10 11 12 | 12.2
Fighting       | 4 5 6 7 8 9 10 11 12 | 12.3
Stealth        | 1 2 |  2.2
Short Blades   | 2 3 5 |  5.5
Slings         | 1 3 5 6 7 8 |  8.1
Polearms       | 5 6 7 |  7.5
Shields        | 3 5 7 8 |  8.5

Action                   |  1- 3 |  4- 6 |  7- 9 | 10-12 | 13-15 || total
-------------------------+-------+-------+-------+-------+-------++-------
Melee: Falchion          |   107 |    23 |    97 |   316 |   414 ||   957
       Short sword       |       |   107 |   314 |       |       ||   421
       Headbutt          |       |     1 |    87 |       |       ||    88
       Kick              |       |       |    33 |   390 |   257 ||   680
       Spear             |       |       |       |   439 |   873 ||  1312
       Scimitar          |       |       |       |    22 |    25 ||    47
       Demon blade       |       |       |       |       |   238 ||   238
Invok: Berserk           |     2 |     5 |    11 |    31 |    23 ||    72
       Brothers in Arms  |       |       |       |     1 |    10 ||    11
 Abil: Evoke Flight      |       |       |       |       |     2 ||     2
  Use: Scroll            |       |     6 |       |    12 |    26 ||    44
       Potion            |       |     1 |     2 |     2 |     2 ||     7
 Stab: Sleeping          |     1 |       |       |       |       ||     1
       Distracted        |       |       |     2 |    10 |    15 ||    27
       Held in net/web   |       |       |     1 |       |       ||     1
       Petrified         |       |       |       |       |     2 ||     2
  Eat: Chunk             |     4 |     4 |    22 |    28 |    39 ||    97
       Ration            |     1 |     2 |     2 |     9 |    13 ||    27
Armor: Animal skin       |    11 |       |       |       |       ||    11
       Leather armour    |    14 |    24 |       |       |       ||    38
       Ring mail         |       |    42 |       |       |       ||    42
       Plate armour      |       |     4 |    96 |       |       ||   100
       Scale mail        |       |       |    82 |   225 |    34 ||   341
       Chain mail        |       |       |       |       |   554 ||   554
Dodge: Dodged            |    67 |   102 |   293 |   467 |   705 ||  1634
Block: Other             |       |       |    33 |    51 |       ||    84
       Reflection        |       |       |       |    22 |    35 ||    57
       Large shield      |       |       |       |   204 |  1770 ||  1974
       Rpst.: Falchion   |    23 |     2 |    14 |    33 |    36 ||   108
       Scimitar          |       |       |       |     5 |     1 ||     6
       Demon blade       |       |       |       |       |    17 ||    17
